 Dungeon Crawl Stone Soup version 0.28-a0-1213-g0243856f03 (webtiles) character file.

Game seed: 15927564244268034338

15 Zonian the Conjurer (level 2, -4/19 HPs)
             Began as a Demonspawn Wanderer on Dec 22, 2021.
             Slain by a kobold (6 damage)
             ... on level 1 of the Dungeon.
             The game lasted 00:01:35 (780 turns).

Zonian the Conjurer (Demonspawn Wanderer)            Turns: 780, Time: 00:01:36

Health: -4/19      AC:  3    Str: 13    XL:     2   Next: 34%
Magic:  1/5        EV: 11    Int: 15    God:
Gold:   4          SH:  0    Dex:  9    Spells: 4/5 levels left

rFire   . . .      SeeInvis .   a - +0 club
rCold   . . .      Faith    .   (no shield)
rNeg    . . .      Spirit   .   c - +0 robe
rPois   .          Reflect  .   (no helmet)
rElec   .          Harm     .   (no cloak)
rCorr   .          Rampage  .   (no gloves)
Will    .....                   b - +0 pair of boots
Stlth   ++........              (no amulet)
HPRegen 0.06/turn               (no ring)
MPRegen 0.09/turn               (no ring)

@: lethally poisoned (-4 -> -16), very slightly contaminated
A: weakness stinger 1
a: no special abilities


You were on level 1 of the Dungeon.
You visited 1 branch of the dungeon, and saw 1 of its levels.

You collected 4 gold pieces.

Inventory:

Hand Weapons
 a - a +0 club (weapon)
Armour
 b - a +0 pair of boots (worn)
 c - a +0 robe (worn)


   Skills:
 + Level 2.1 Stealth
 + Level 2.9 Unarmed Combat
 + Level 2.2 Spellcasting
 + Level 3.2 Conjurations


You had 4 spell levels left.
You knew the following spells:

 Your Spells              Type           Power      Damage    Failure   Level
a - Shock                 Conj/Air       24%        1d4       12%         1

Your spell library contained the following spells:

 Spells                   Type           Power      Damage    Failure   Level
 Searing Ray              Conj           22%        2d5       9%          2
 Mephitic Cloud           Conj/Pois/Air  4%         N/A       38%         3


Dungeon Overview and Level Annotations

Branches:
Dungeon (1/15)

Altars:


Innate Abilities, Weirdness & Mutations

You have a small tail.


Message History

Unknown command.
The zap hits the ball python.
You kill the ball python!
The zap hits the hobgoblin but does no damage.
The zap misses the kobold. x2; The zap hits the hobgoblin.
The hobgoblin is moderately wounded.
Unknown command.
You barely miss the hobgoblin. You tail-slap the hobgoblin.
You kill the hobgoblin!
The bat hits you but does no damage.
The kobold hits you with a +1 short sword of venom.
You are poisoned.
Unknown command.
You miscast Shock.
Nothing appears to happen.
You feel very sick. The kobold barely misses you.
Unknown command.
You closely miss the kobold.
You feel sick.
The kobold hits you with a +1 short sword of venom.
You are lethally poisoned!
Unknown command.
You feel better. The kobold closely misses you.
Unknown command.
You hit the kobold but do no damage. You tail-slap the kobold.
The kobold is severely wounded.
The kobold hits you but does no damage.
You are poisoned.
You closely miss the kobold.
The kobold is severely wounded.
You feel very sick.
The kobold hits you with a +1 short sword of venom.
You are lethally poisoned!
The kobold hits you with a +1 short sword of venom.
Unknown command.
You closely miss the kobold.
Your tail-slap misses the kobold.
The kobold is severely wounded.
* * * LOW HITPOINT WARNING * * *
You feel very sick.
The kobold hits you with a +1 short sword of venom.
You die...

.....# ............#
.....# ............#
.....# ...........!#
.##### ............#
.# ............# .#
............#
.######............#
............#..#####
........... #.bK@.#
..............###.#
..........###. .#
..######. #8 .# ..#
K. .. ..# 8. #. ..#
##. .# .#


You could see a bat and a kobold.

Vanquished Creatures
  A dart slug (D:1)
  2 bats (D:1)
  A giant cockroach (D:1)
  3 hobgoblins (D:1)
  A kobold (D:1)
  2 ball pythons (D:1)
  2 rats (D:1)
12 creatures vanquished.

Notes
Turn   | Place    | Note
-------+----------+-------------------------------------------
     0 | D:1      | Zonian the Demonspawn Wanderer began the quest for the Orb.
     0 | D:1      | Zonian set off with the following items: a +0 club, a +0
                  | pair of boots, a +0 robe, a potion of curing; and the
                  | following spell memorised: Shock; and the following spells
                  | available to memorise: Searing Ray, Mephitic Cloud
     0 | D:1      | Reached XP level 1. HP: 13/13 MP: 3/3
   187 | D:1      | Gained mutation: You have a small tail. [demonic ancestry]
   187 | D:1      | Reached XP level 2. HP: 9/19 MP: 5/5
   780 | D:1      | Slain by a kobold

Illustrated notes

Levels and vault maps discovered:
D:1:      enne_arrival_octagon_isle, layout_basic, minmay_heptomino_o4

Skill      XL: |  1 |
---------------+----+-----
Stealth        | 2 |  2.1
Unarmed Combat | |  2.9
Spellcasting   | |  2.2
Conjurations   | |  3.2

Action                   || total
-------------------------++-------
Melee: Club              ||    28
       Punch             ||     1
       Tailslap          ||     3
 Cast: Shock             ||     8
  Use: Potion            ||     1
Armor: Robe              ||    16
Dodge: Dodged            ||    31

Table legend: (Time is in decaauts)
 A = Elapsed time spent in this place.
 B = Non-inter-level travel time spent in this place.
 C = Inter-level travel time spent in this place.
 D = Time resting spent in this place.
 E = Time spent auto-exploring this place.
 F = Levels seen in this place.
 G = Mean time per level.
                   A        B        C        D        E       F      G
               +--------+--------+--------+--------+--------+-----+--------+
         Total |    788 |    788 |      0 |    590 |    112 |   1 |  788.0 |
       Dungeon |    788 |    788 |      0 |    590 |    112 |   1 |  788.0 |
               +--------+--------+--------+--------+--------+-----+--------+

Top non-repeatable levels by time:
     D:1: 788 daAuts
